cohdb
Replays
Latest Replays
All Replays
Popular Replays
Top Player Replays
Match Explorer
How It Works
Community
CoH3 Stats
Reddit
Sign in to upload your games and track your stats! →
Sign in with Steam
Match 44634102
Unlisted
Match 44634102
Overview
Messages
Build Orders
End
Construct Section Command Post
Construct Section Command Post
Infantry Section
Dingo Light Scout Car
Infantry Section
Infantry Section
Construct Platoon Command Post
Humber Armored Car
Construct Field Infirmary
6-pounder Anti-tank Gun Team
Vickers Machine Gun Team
Infantry Training
Selects Indian Artillery Battlegroup
Selects Valour
Selects Gurkha Rifles Section
Selects Artillery Saturation
DibbeTC
Mad Mac
Mooseman308Win
SUDAMA.
0
0
Comments
sign in to comment!
No comments posted yet!